 Dungeon Crawl Stone Soup version 0.31-a0-424-g41b3b0883d (webtiles) character file.

Game seed: 17663113905169611960

246 Ethylacetat the Changeling (level 6, -8/41 HPs)
             Began as an Octopode Shapeshifter on July 30, 2023.
             Was an Initiate of Gozag.
             Killed by divine providence
             ... invoked by an orc priest
              (17 damage)
             ... on level 3 of the Dungeon.
             The game lasted 00:03:26 (1958 turns).

Ethylacetat the Changeling (Octopode Shapeshifter)  Turns: 1958, Time: 00:03:27

Health: -8/41      AC:  1    Str: 15    XL:     6   Next: 11%
Magic:  6/6        EV: 13    Int: 10    God:    Gozag
Gold:   115        SH:  0    Dex: 14    Spells: 5/5 levels left

rFire   . .          .
                       - Unarmed
rCold   . . .        (no shield)
rNeg    . . .        (helmet currently unavailable)
rPois   +            (no amulet)
rElec   .            h - ring of poison resistance
rCorr   .            (no ring)
SInv    .            (no ring)
Will    .....        (no ring)
Stlth   ++           (no ring)
HPRegen 0.26/turn    (no ring)
MPRegen 0.10/turn    (no ring)
                     (no ring)

%: no passive effects
@: confused, beast-form, ambrosia-drunk
A: beast (slay +2), almost no armour, amphibious, 8 rings, camouflage 1,
gelatinous body 1, (nimble swimmer 1), tentacles
a: Begin Untransformation, Renounce Religion, Potion Petition, Call Merchant,
Bribe Branch


You were on level 3 of the Dungeon.
You worshipped Gozag.
Gozag was aware of your devotion.
You were a hulking beast.
You visited 1 branch of the dungeon, and saw 3 of its levels.

You collected 169 gold pieces.
You paid 54 gold pieces to Gozag.

Inventory:

Jewellery
 h - a ring of poison resistance (left tentacle)
Talismans
 b - a beast talisman (active)
Scrolls
 c - a scroll of enchant armour {unknown}
 d - a scroll of blinking {unknown}
 e - 3 scrolls of identify {unknown}
 f - a scroll of vulnerability {unknown}
 g - a scroll of noise {unknown}
 i - 2 scrolls of silence {unknown}
Potions
 j - a potion of curing {unknown}


   Skills:
 + Level 2.9 Fighting
 - Level 2.7 Dodging
 + Level 4.2 Unarmed Combat
 * Level 4.2 Shapeshifting


You had 5 spell levels left.
You didn't know any spells.
Your spell library was empty.

Dungeon Overview and Level Annotations

Branches:
Dungeon (3/15)

Altars:
Gozag
Qazlal
Xom


Innate Abilities, Weirdness & Mutations

You are a hulking beast.
Your limbs bulge with bestial killing power. (Slay +2)
You cannot wear most types of armour.
You are amphibious.
You can wear up to eight rings at the same time.
Your skin changes colour to match your surroundings (Stealth+).
Your rubbery body absorbs attacks. (AC +1, EV +1)
((You are camouflaged when in or above water. (Stealth+)))
You have tentacles for arms and can constrict up to eight enemies at once.


Message History

You grab the orc priest.
You constrict the orc priest, but do no damage.
The orc priest looks encouraged for a moment.
The orc hits you with a +0 hand axe.
You tentacle-slap the orc priest. You squeeze the orc priest.
The orc priest is heavily wounded.
You constrict the orc priest, but do no damage.
The orc misses you.
The orc priest mumbles some strange prayers to Beogh against you.
Beogh smites you! The orc hits you with a +0 hand axe.
The orc priest invokes the aid of Beogh against you.
Beogh smites you!
* * * LOW HITPOINT WARNING * * *
It was a potion of ambrosia.
You are confused.
You feel invigorated.
You constrict the orc priest, but do no damage.
The orc misses you. The orc priest barely misses you.
The orc closely misses you.
The orc priest invokes the aid of Beogh against you.
Pain shoots through your body!
* * * LOW HITPOINT WARNING * * *
You bump into the rock wall.
You constrict the orc priest, but do no damage.
The quokka misses you. The orc hits you with a +0 club.
* * * LOW HITPOINT WARNING * * *
The orc priest closely misses you. The orc barely misses you.
The orc priest closely misses you.
You tentacle-slap the orc priest.
The orc priest is almost dead.
You constrict the orc priest, but do no damage.
The quokka closely misses you. The orc hits you with a +0 club.
The orc priest hits you with a +0 whip.
* * * LOW HITPOINT WARNING * * *
The orc hits you with a +0 hand axe.
* * * LOW HITPOINT WARNING * * *
The orc priest invokes the aid of Beogh against you.
Beogh smites you!
You die...
Your body crumbles into a pile of gold.

.....#####._..######.#
.#.#.#####....##.....#
.#.#...............#.#
#.#..#########..#.#.#
#.#..# #.........#.#
..#..# #.####.####.#
.....# ##.......#
.##... ###..#######
.### #....oho...# .
#....roo...#
#..........#
.............#
###..........#
............#
###.)........#
#..........#


You could see 2 orc priests, 2 orcs and a quokka.

Vanquished Creatures
  A hound (D:3)
  2 orc priests
  Natasha (twice) (D:2)
  A gnoll (D:3)
  2 adders
  A worm (D:3)
  2 dart slugs
  6 orcs
  7 bats
  3 endoplasms (D:2)
  7 giant cockroaches
  6 goblins
  7 hobgoblins
  4 jackals (D:2)
  A quokka (D:3)
  7 ball pythons
  2 frilled lizards
  5 kobolds
  3 rats
69 creatures vanquished.

Notes
Turn   | Place    | Note
-------+----------+-------------------------------------------
     0 | D:1      | Ethylacetat the Octopode Shapeshifter began the quest for
                  | the Orb.
     0 | D:1      | Reached XP level 1. HP: 13/13 MP: 1/1
   229 | D:1      | Reached XP level 2. HP: 18/18 MP: 2/2
   605 | D:1      | Reached XP level 3. HP: 23/23 MP: 3/3
  1083 | D:2      | Found a faded altar of an unknown god.
  1111 | D:2      | Noticed Natasha
  1119 | D:2      | Reached XP level 4. HP: 14/29 MP: 4/4
  1128 | D:2      | Killed Natasha
  1224 | D:2      | Reached XP level 5. HP: 25/35 MP: 5/5
  1293 | D:2      | You fall into a shaft and drop 1 floor!
  1293 | D:3      | Found a stormy altar of Qazlal.
  1293 | D:3      | Found a shimmering altar of Xom.
  1830 | D:2      | Noticed Natasha
  1836 | D:2      | Killed Natasha
  1837 | D:2      | Reached XP level 6. HP: 41/41 MP: 6/6
  1888 | D:3      | Found an opulent altar of Gozag.
  1914 | D:3      | Became a worshipper of Gozag Ym Sagoz the Greedy
  1958 | D:3      | Killed from afar by an orc priest

Illustrated notes

Levels and vault maps discovered:
D:1:      dpeg_arrival_snail, layout_loops_corners, minmay_unequal
D:2:      minmay_skewed_foursquare, layout_basic,
          shapermc_ecumenical_altar_mp_ritualfount, uniq_natasha
D:3:      layout_basic, chequers_temple_overflow_statue_of_worship,
          nicolae_gozag_seed_capital, minmay_fractal_squares_diagonal_5

Skill      XL: |  1  2  3  4  5 |
---------------+----------------+-----
Fighting       | 2 |  2.9
Unarmed Combat | 4 |  4.2
Shapeshifting  | 4 |  4.2
Dodging        | |  2.7

Action                     |  1- 3 |  4- 6 || total
---------------------------+-------+-------++-------
  Melee: Unarmed           |    71 |    55 ||   126
         Constrict         |    15 |    14 ||    29
         Tentacles         |    14 |    11 ||    25
         Punch             |       |     3 ||     3
    Use: Potion            |       |     3 ||     3
   Stab: Sleeping          |     4 |     4 ||     8
 Armour: Skin              |     6 |    11 ||    17
  Dodge: Dodged            |    39 |    36 ||    75

Table legend: (Time is in decaauts)
 A = Elapsed time spent in this place.
 B = Non-inter-level travel time spent in this place.
 C = Inter-level travel time spent in this place.
 D = Time resting spent in this place.
 E = Time spent auto-exploring this place.
 F = Levels seen in this place.
 G = Mean time per level.
                   A        B        C        D        E       F      G
               +--------+--------+--------+--------+--------+-----+--------+
         Total |   1949 |   1930 |     19 |     50 |   1531 |   3 |  649.7 |
       Dungeon |   1949 |   1930 |     19 |     50 |   1531 |   3 |  649.7 |
               +--------+--------+--------+--------+--------+-----+--------+

Top non-repeatable levels by time:
     D:2: 939 daAuts
     D:1: 877 daAuts
     D:3: 131 daAuts
